 Dungeon Crawl Stone Soup version 0.17.2-1-ge4368a0 (webtiles) character file.

221 hurricos the Gusty (level 5, -27/28 HPs)
             Began as a Tengu Air Elementalist on Oct 15, 2016.
             Was a Follower of Makhleb.
             Annihilated by an ogre
             ... wielding a +0 giant club
              (30 damage)
             ... on level 4 of the Dungeon.
             The game lasted 00:03:30 (3425 turns).

hurricos the Gusty (Tengu Air Elementalist)         Turns: 3425, Time: 00:03:30

Health: -27/28     AC:  5    Str:  8    XL:     5   Next: 98%
Magic:  6/10       EV: 15    Int: 17    God:    Makhleb [*.....]
Gold:   276        SH:  0    Dex: 14    Spells: 4 memorised, 1 level left

rFire  . . .     SeeInvis .     a - +2 dagger (venom)
rCold  . . .     Clarity  .     i - +0 robe
rNeg   . . .     SustAt   .     (no shield)
rPois  .         Gourm    .     (helmet restricted)
rElec  .         Spirit   .     h - +2 cloak
rCorr  .         Warding  .     (no gloves)
rMut   .         Stasis   .     (boots unavailable)
MR     .....                    (no amulet)
Stlth  ++........               (no ring)
                                (no ring)

@: flying quickly and evasively, repel missiles, quick, not resistant to hostile
enchantments, unstealthy
A: beak, talons 3, able to fly 1
a: Renounce Religion


You were on level 4 of the Dungeon.
You worshipped Makhleb.
Makhleb was aware of your devotion.
You were hungry.

You visited 1 branch of the dungeon, and saw 4 of its levels.

You collected 276 gold pieces.

Inventory:

Hand Weapons
 a - a +2 dagger of venom (weapon)
 g - a +3 quarterstaff of chaos
Armour
 h - a +2 cloak (worn)
 i - a +0 robe (worn)
 p - a +2 shield of protection
Jewellery
 r - an uncursed ring of ice
Scrolls
 m - 2 scrolls of fog
 u - a scroll of random uselessness {unknown}
 x - 3 scrolls of enchant armour {unknown}
 y - a scroll of identify {unknown}
Potions
 c - 3 potions of curing {unknown}
 d - a potion of agility {unknown}
 e - 3 potions of heal wounds {unknown}
 f - 3 potions of cancellation {unknown}
 j - a potion of brilliance {unknown}
 n - a potion of resistance {unknown}
 o - a potion of might {unknown}
 q - 3 potions of poison {unknown}
 t - a potion of berserk rage {unknown}
Books
 b - a book of Air

   Spells                             Type                      Level
   a - Shock                          Conjuration/Air              1
   b - Swiftness                      Charms/Air                   2
   c - Repel Missiles                 Charms/Air                   2
   d - Static Discharge               Conjuration/Air              3
   e - Lightning Bolt                 Conjuration/Air              5
Comestibles
 k - a meat ration
 l - 2 bread rations
 s - 3 fruits
 w - a royal jelly


   Skills:
 + Level 2.1 Dodging
 - Level 2.0 Stealth
 + Level 2.9 Spellcasting
 * Level 4.9 Conjurations
 * Level 6.1 Air Magic


You had one spell level left.
You knew the following spells:

 Your Spells              Type           Power        Failure   Level  Hunger
a - Shock                 Conj/Air       ###.         1%          1    None
c - Static Discharge      Conj/Air       ###.....     8%          3    ###....
k - Repel Missiles        Chrm/Air       ##....       10%         2    ##.....
w - Swiftness             Chrm/Air       ##......     10%         2    ##.....


Dungeon Overview and Level Annotations

Branches:
Dungeon (4/15)
 Temple: D:4-7

Altars:
Ashenzari
Cheibriados
Makhleb
Okawaru

Shops:
D:4 [


Innate Abilities, Weirdness & Mutations

You have a beak for a mouth.
You have claws for feet.
You can fly.


Message History

The zap hits the ogre.
The ogre is moderately wounded.
Casting: Shock
Confirm with . or Enter, or press ? or * to list all spells.
Aiming: Shock
Press: ? - help, Shift-Dir - straight line, f/p - ogre
Aim: an ogre, wielding a giant club (moderately wounded)
The zap hits the ogre.
The ogre is severely wounded.
The zap hits the ogre.
The ogre is severely wounded.
The ogre hits you with a giant club!!
Ouch! That really hurt!
* * * LOW HITPOINT WARNING * * *
You hit the ogre.
The ogre is poisoned.
Your kick misses the ogre. You peck the ogre.
The ogre is almost dead.
The ogre hits you with a giant club!!
Ouch! That really hurt!
You die...

#.# ## #.# #.# # #.# #.# # ## #..
#.# ## .## #.# #.# ##. ..## #.#
#.### ##.. ...## ##.## ####.#.###
##...
....####...#######........###....
....'.).......OO@...........'....
....####...#######........###....
...## #..## #..###.#.# ##... ..##
#.## #..# #.#.# ##.. .## #.#
#..###.#.######. ## #.#
#.............## # #.#
#........#.#..## # #.#
####.#........## # #.#
#.#..#.#.#.##


You could see 2 ogres.

Vanquished Creatures
  Crazy Yiuf (D:3)
  Terence (D:2)
  A worker ant zombie (D:2)
  3 gnolls (D:2)
  3 adders
  2 oozes
  An adder zombie (D:2)
  3 worms
  A giant gecko (D:1)
  3 orcs
  A ball python (D:3)
  7 bats
  A bat skeleton (D:2)
  A bat zombie (D:2)
  2 giant cockroaches (D:2)
  7 hobgoblins
  4 giant newts
  12 goblins
  9 jackals
  10 kobolds
  A quokka (D:4)
  6 rats
80 creatures vanquished.

Notes
Turn   | Place    | Note
--------------------------------------------------------------
     0 | D:1      | hurricos the Tengu Air Elementalist began the quest for the Orb.
     0 | D:1      | Reached XP level 1. HP: 10/10 MP: 4/4
   434 | D:1      | Reached XP level 2. HP: 12/15 MP: 4/6
   823 | D:1      | Reached XP level 3. HP: 17/19 MP: 1/7
   827 | D:1      | Learned a level 2 spell: Repel Missiles
   831 | D:1      | Learned a level 3 spell: Static Discharge
  1157 | D:2      | Noticed Terence
  1170 | D:2      | Killed Terence
  1177 | D:2      | Reached skill level 5 in Air Magic
  1213 | D:2      | Reached XP level 4. HP: 21/24 MP: 3/8
  1471 | D:2      | Found a shattered altar of Ashenzari.
  1602 | D:2      | Gained mutation: You can fly. [Tengu growth]
  1602 | D:2      | Reached XP level 5. HP: 28/28 MP: 1/10
  1756 | D:2      | Found a burning altar of Makhleb.
  1801 | D:2      | Became a worshipper of Makhleb the Destroyer
  1880 | D:3      | Learned a level 2 spell: Swiftness
  2640 | D:3      | Noticed Crazy Yiuf
  2653 | D:3      | Killed Crazy Yiuf
  2653 | D:3      | Reached * piety under Makhleb
  2851 | D:3      | Found an iron altar of Okawaru.
  3120 | D:4      | Reached skill level 6 in Air Magic
  3121 | D:4      | Found a snail-covered altar of Cheibriados.
  3145 | D:4      | Found Loufay's Armour Emporium.
  3379 | D:4      | Noticed an ogre
  3412 | D:4      | Noticed an ogre
  3425 | D:4      | Annihilated by an ogre

Action                   |  1- 3 |  4- 6 || total
-------------------------+-------+-------++-------
Melee: Unarmed           |     2 |       ||     2
       Dagger            |    12 |    13 ||    25
 Cast: Shock             |    59 |   124 ||   183
       Repel Missiles    |     1 |       ||     1
 Abil: Fly               |       |     1 ||     1
  Use: Scroll            |       |     5 ||     5
  Eat: Bread ration      |     1 |       ||     1
       Chunk             |       |     4 ||     4
